 Dungeon Crawl Stone Soup version 0.18-a0-846-g91b95b1 (webtiles) character file.

6 Raultor the Ruffian (level 1, -1/16 HPs)
             Began as a Draconian Transmuter on Dec 20, 2015.
             Slain by a goblin
             ... wielding a +0 club
              (6 damage)
             ... on level 1 of the Dungeon.
             The game lasted 00:00:24 (58 turns).

Raultor the Ruffian (Draconian Transmuter)            Turns: 58, Time: 00:00:24

Health: -1/16      AC:  4    Str: 12    XL:     1   Next: 75%
Magic:  3/3        EV: 12    Int: 13    God:
Gold:   11         SH:  0    Dex: 11    Spells: 1 memorised, 3 levels left

rFire  . . .     SeeInvis .       - Unarmed
rCold  . . .     Gourm    .     (armour unavailable)
rNeg   . . .     Faith    .     (no shield)
rPois  .         Spirit   .     (helmet restricted)
rElec  .         Dismiss  .     (no cloak)
rCorr  .         Reflect  .     (no gloves)
SustAt .         Harm     .     (no boots)
MR     .....                    (no amulet)
Stlth  +.........               (no ring)
                                (no ring)

@: not resistant to hostile enchantments, very unstealthy
A: unfitting armour, cold-blooded, AC +4
a: no special abilities


You were on level 1 of the Dungeon.
You were not hungry.

You visited 1 branch of the dungeon, and saw 1 of its levels.

You collected 11 gold pieces.

Inventory:

Missiles
 a - 12 arrows
Potions
 d - a potion of resistance {unknown}
Books
 b - a book of Changes
Comestibles
 c - a bread ration {@e1}


   Skills:
 + Level 1.4 Fighting
 + Level 1.8 Dodging
 + Level 3.1 Unarmed Combat
 - Level 2.0 Spellcasting
 * Level 2.2 Transmutations


You had 3 spell levels left.
You knew the following spells:

 Your Spells              Type           Power        Failure   Level  Hunger
a - Beastly Appendage     Trmt           #.....       12%         1    ##.....


Dungeon Overview and Level Annotations

Branches:
Dungeon (1/15)

Altars:


Innate Abilities, Weirdness & Mutations

Your plain brown scales are hard (AC +4).
Your body does not fit into most forms of armour.
You are cold-blooded and may be slowed by cold attacks.


Message History

You open the door.
There is an open door here.
You enter the shallow water.
Moving in this stuff is going to be slow.
d - a lumpy black potion You enter the shallow water.
Moving in this stuff is going to be slow.
You enter the shallow water.
Moving in this stuff is going to be slow.
You enter the shallow water.
Moving in this stuff is going to be slow.
You enter the shallow water.
Moving in this stuff is going to be slow.
You enter the shallow water.
Moving in this stuff is going to be slow.
You now have 11 gold pieces.
You enter the shallow water.
Moving in this stuff is going to be slow.
You open the door.
A giant newt comes into view.
A bat comes into view.
The bat moves out of view.
There is an open door here.
You miss the giant newt. The giant newt misses you.
You hit the giant newt.
You kill the giant newt!
The bat hits you but does no damage. x3
You hit the bat.
Your tail-slap misses the bat.
The bat closely misses you. The bat misses you.
You hit the bat.
You kill the bat!
No target in view!
A bat and a kobold come into view.
The kobold shouts!
The bat hits you.
Found an escape hatch in the floor.
You see here a giant newt corpse.
You take 1 damage, and have 15/16 hp.
You butcher the giant newt corpse.
The bat hits you but does no damage.
Things that are here:
a chunk of flesh {@w0}; a giant newt skeleton A bat is nearby!
The bat hits you but does no damage.
The kobold throws a stone.
The stone hits you.
You take 1 damage, and have 14/16 hp.
The bat hits you but does no damage. The bat closely misses you.
You closely miss the bat.
Your tail-slap misses the bat.
The bat hits you but does no damage. The bat barely misses you.
You closely miss the bat. The bat hits you but does no damage.
The bat hits you but does no damage.
The kobold throws a stone.
The stone hits you.
You take 2 damage, and have 12/16 hp.
You hit the bat. The bat barely misses you.
The kobold throws a stone.
The stone barely misses you. The bat closely misses you. x2
You hit the bat.
You kill the bat!
The kobold barely misses you.
A bat comes into view.
You see here a stone.
You closely miss the kobold.
Your tail-slap misses the kobold.
The kobold hits you but does no damage.
A hobgoblin comes into view. It is wielding a club.
You closely miss the kobold.
The hobgoblin shouts!
The kobold barely misses you.
You closely miss the kobold. The kobold hits you but does no damage.
A goblin comes into view. It is wielding a club.
The goblin shouts!
You hit the kobold. The kobold hits you with a dagger.
You take 3 damage, and have 9/16 hp.
You are too injured to fight recklessly!
You are too injured to fight recklessly!
You are too injured to fight recklessly!
You hit the kobold.
You kill the kobold!
The bat barely misses you. The bat hits you but does no damage.
Things that are here:
a dagger; a kobold corpse The hobgoblin closely misses you.
Things that are here:
a dagger; a kobold corpse You barely miss the hobgoblin.
The hobgoblin closely misses you.
You hit the hobgoblin but do no damage. You tail-slap the hobgoblin.
The hobgoblin hits you with a club.
You take 4 damage, and have 6/16 hp.
MASSIVE DAMAGE!!
You hit the hobgoblin.
You kill the hobgoblin!
The bat hits you but does no damage.
You closely miss the bat. The bat hits you but does no damage.
The bat barely misses you. The goblin hits you but does no damage.
The bat barely misses you.
Things that are here:
a club; a hobgoblin corpse You completely miss the goblin.
The bat hits you. The bat barely misses you. The goblin hits you with a club.
You die...

PPP♣≈.###.≈P♣♣P♣♣♣≈#
≈≈≈≈≈.....≈≈≈≈≈≈≈≈≈#
≈≈≈≈≈≈≈.≈≈≈≈≈≈≈≈≈≈≈#
...♣P.≈.≈..♣♣PP♣P♣≈
♣PP..P≈.≈♣♣PP♣♣♣P♣
≈≈≈≈≈≈≈.≈≈≈≈≈≈≈≈≈≈
###########'#########
........()@g.......
####....###b#...##.
###... ......#
#..........#
...........#
##..........#
#............
#.......>..##


You could see a goblin and a bat.

Vanquished Creatures
  2 bats (D:1)
  A hobgoblin (D:1)
  A kobold (D:1)
  A giant newt (D:1)
5 creatures vanquished.

Notes
Turn   | Place    | Note
--------------------------------------------------------------
     0 | D:1      | Raultor the Draconian Transmuter began the quest for the Orb.
     0 | D:1      | Reached XP level 1. HP: 16/16 MP: 3/3
    58 | D:1      | Slain by a goblin

Vault maps used:
D:1:      lightli_arrival_farm

Action                   || total
-------------------------++-------
Melee: Unarmed           ||    18

Vault maps used:
D:1:      lightli_arrival_farm

Table legend:
 A = Turns spent in this place as a percentage of turns spent in the entire game.
 B = Non-inter-level travel turns spent in this place as a percentage of non-inter-level travel turns spent in the entire game.
 C = Inter-level travel turns spent in this place as a percentage of turns spent in this place.
 D = Turns resting spent in this place as a percentage of non-inter-level travel turns spent in this place.
 E = Turns spent auto-exploring this place as a percentage of non-inter-level travel turns spent in this place.
 F = Non-inter-level travel turns spent in this place divided by the number of levels of this place that you've seen.
                   A       B       C       D       E      F
               +-------+-------+-------+-------+-------+----------------------
         Total | 100.0 | 100.0 |   0.0 |   0.0 |   5.4 |  37.0
       Dungeon | 100.0 | 100.0 |   0.0 |   0.0 |   5.4 |  37.0
               +-------+-------+-------+-------+-------+----------------------

Table legend:
 A = Kills in this place as a percentage of kills in entire the game.
 B = Kills by you in this place as a percentage of kills by you in the entire game.
 C = Kills by friends in this place as a percentage of kills by friends in the entire game.
 D = Other kills in this place as a percentage of other kills in the entire game.
 E = Experience gained in this place as a percentage of experience gained in the entire game.
 F = Experience gained in this place divided by the number of levels of this place that you have seen.
                   A       B       C       D       E      F
               +-------+-------+-------+-------+-------+----------------------
         Total | 100.0 | 100.0 |  -nan |  -nan | 100.0 |   9.0
       Dungeon | 100.0 | 100.0 |  -nan |  -nan | 100.0 |   9.0
               +-------+-------+-------+-------+-------+----------------------
